 Dungeon Crawl Stone Soup version 0.22-a0-406-g9ff8d77 (webtiles) character file.

517 Mgcat the Archer (level 7, -6/55 HPs)
             Began as a Centaur Hunter on May 8, 2018.
             Mangled by Eustachio
             ... wielding a +2 falchion of distortion
              (20 damage)
             ... on level 4 of the Dungeon.
             The game lasted 00:14:03 (4624 turns).

Mgcat the Archer (Centaur Hunter)                   Turns: 4624, Time: 00:14:03

Health: -6/55      AC:  6    Str: 16    XL:     7   Next: 0%
Magic:  7/7        EV:  9    Int: 10    God:
Gold:   120        SH:  0    Dex: 10    Spells: 6/6 levels left

rFire    + . .     SeeInvis .   a - +2 shortbow
rCold    x . .     Gourm    .   (shield currently unavailable)
rNeg     . . .     Faith    .   n - +0 leather armour
rPois    .         Spirit   .   u - +0 helmet
rElec    .         Reflect  .   (no cloak)
rCorr    .         Harm     .   i - +0 pair of gloves
MR       .....                  (no barding)
Stlth    +.........             (no amulet)
HPRegen  0.18/turn              m - ring of wizardry {Wiz+, !d}
MPRegen  0.10/turn              o - ring of fire {rF+, rC-}

@: very quick
A: large, hooves 3, deformed body, speed 2, tough skin 3
a: no special abilities


You were on level 4 of the Dungeon.
You were not hungry.

You visited 2 branches of the dungeon, and saw 5 of its levels.
You also visited: Sewer.

You collected 120 gold pieces.

Inventory:

Hand Weapons
 a - a +2 shortbow (weapon)
 b - a +0 short sword
Missiles
 d - 60 arrows (quivered)
Armour
 i - a +0 pair of gloves (worn)
   (You found it on level 1 of the Dungeon)
 n - a +0 leather armour (worn)
   (You found it on level 1 of the Dungeon)
 u - a +0 helmet (worn)
   (You found it on level 4 of the Dungeon)
Jewellery
 m - a ring of wizardry (left hand) {Wiz+, !d}
   (You found it on level 1 of the Dungeon)
 o - a ring of fire (right hand) {rF+, rC-}
   (You found it on level 2 of the Dungeon)
Wands
 e - a wand of acid (2)
   (You found it on level 4 of the Dungeon)
Scrolls
 h - 6 scrolls of identify
 j - 2 scrolls of teleportation
 r - 6 scrolls of remove curse
Potions
 c - a potion of berserk rage {!q}
 g - a potion of ambrosia
 k - a potion of haste
 l - a potion of mutation {!q}
 q - 2 potions of curing
Comestibles
 f - 7 rations


   Skills:
 - Level 2.0 Fighting
 + Level 10.9 Bows
 - Level 1.3 Dodging
 - Level 0.4 Stealth


You had 6 spell levels left.
You didn't know any spells.

Dungeon Overview and Level Annotations

Branches:
Dungeon (4/15)             Temple (1/1) D:4

Altars:
Ashenzari
Cheibriados
Dithmenos
Fedhas
Gozag
Hepliaklqana
Kikubaaqudgha
Makhleb
Ru
Uskayaw
Vehumet
Wu Jian
Xom
Yredelemnul
Zin
The Shining One

Annotations:
D:4 Eustachio


Innate Abilities, Weirdness & Mutations

You have hooves in place of feet.
Armour fits poorly on your strangely shaped body.
You cover ground very quickly.
You have extremely tough skin. (AC +3)


Message History

Eustachio shouts!
Unknown command.
Unknown command.
Unknown command.
Unknown command.
Unknown command.
Unknown command.
Okay, then.
Unknown command.
Unknown command.
a - a +2 shortbow (weapon)
Firing (i - inventory)
d - 74 arrows (quivered)
Press: ? - help, Shift-Dir - straight line, f - Eustachio
Aim: Eustachio, wielding a falchion of distortion and wearing a glowing leather armour You shoot an arrow.
The arrow hits Eustachio.
Eustachio is lightly wounded.
Firing (i - inventory)
d - 73 arrows (quivered)
Press: ? - help, Shift-Dir - straight line, f/p - Eustachio
Aim: Eustachio, wielding a falchion of distortion and wearing a glowing leather armour (lightly wounded)
You shoot an arrow. The arrow closely misses Eustachio.
Eustachio screams, "Hey, you killed my favourite bat!"
Eustachio hits you with a falchion of distortion.
Your surroundings suddenly seem different.
HP restored.
You see here 20 stones.
You now have 120 gold pieces (gained 9).
You open the door.
Found a glowing silver altar of Zin.
There is a stone staircase leading up here.
Eustachio shouts!
Eustachio is too close now for your liking.
Firing (i - inventory)
d - 72 arrows (quivered)
Press: ? - help, Shift-Dir - straight line, f/p - Eustachio
Aim: Eustachio, wielding a falchion of distortion and wearing a glowing leather armour (lightly wounded)
You shoot an arrow.
The arrow hits Eustachio but does no damage.
Eustachio is lightly wounded.
Firing (i - inventory)
d - 71 arrows (quivered)
Press: ? - help, Shift-Dir - straight line, f/p - Eustachio
Aim: Eustachio, wielding a falchion of distortion and wearing a glowing leather armour (lightly wounded)
You shoot an arrow. The arrow hits Eustachio!
Eustachio is moderately wounded.
Firing (i - inventory)
d - 70 arrows (quivered)
Press: ? - help, Shift-Dir - straight line, f/p - Eustachio
Aim: Eustachio, wielding a falchion of distortion and wearing a glowing leather armour (moderately wounded)
You shoot an arrow.
The arrow hits Eustachio but does no damage.
Eustachio is moderately wounded.
Firing (i - inventory)
d - 69 arrows (quivered)
Press: ? - help, Shift-Dir - straight line, f/p - Eustachio
Aim: Eustachio, wielding a falchion of distortion and wearing a glowing leather armour (moderately wounded)
You shoot an arrow. The arrow hits Eustachio.
Eustachio is moderately wounded.
Firing (i - inventory)
d - 68 arrows (quivered)
Press: ? - help, Shift-Dir - straight line, f/p - Eustachio
Aim: Eustachio, wielding a falchion of distortion and wearing a glowing leather armour (moderately wounded)
You shoot an arrow. The arrow barely misses Eustachio.
Eustachio mumbles some strange words.
Firing (i - inventory)
d - 67 arrows (quivered)
Press: ? - help, Shift-Dir - straight line, f/p - Eustachio
Aim: Eustachio, wielding a falchion of distortion and wearing a glowing leather armour (moderately wounded)
You shoot an arrow. The arrow closely misses Eustachio.
Firing (i - inventory)
d - 66 arrows (quivered)
Press: ? - help, Shift-Dir - straight line, f/p - Eustachio
Aim: Eustachio, wielding a falchion of distortion and wearing a glowing leather armour (moderately wounded)
You shoot an arrow. The arrow hits Eustachio.
Eustachio is heavily wounded.
Firing (i - inventory)
d - 65 arrows (quivered)
Press: ? - help, Shift-Dir - straight line, f/p - Eustachio
Aim: Eustachio, wielding a falchion of distortion and wearing a glowing leather armour (heavily wounded)
You shoot an arrow. The arrow hits Eustachio.
Eustachio is heavily wounded.
Firing (i - inventory)
d - 64 arrows (quivered)
Press: ? - help, Shift-Dir - straight line, f/p - Eustachio
Aim: Eustachio, wielding a falchion of distortion and wearing a glowing leather armour (heavily wounded)
You shoot an arrow. The arrow hits Eustachio.
Eustachio is heavily wounded.
Eustachio casts a spell.
Firing (i - inventory)
d - 63 arrows (quivered)
Press: ? - help, Shift-Dir - straight line, f/p - Eustachio
Aim: Eustachio, wielding a falchion of distortion and wearing a glowing leather armour (heavily wounded)
You shoot an arrow. The arrow closely misses Eustachio.
Eustachio hits you with a falchion of distortion.
Space warps horribly around you!
Firing (i - inventory)
d - 62 arrows (quivered)
Press: ? - help, Shift-Dir - straight line, f/p - Eustachio
Aim: Eustachio, wielding a falchion of distortion and wearing a glowing leather armour (heavily wounded)
You shoot an arrow.
The arrow hits Eustachio but does no damage.
Eustachio is heavily wounded.
The iron imp hits you!
Firing (i - inventory)
d - 61 arrows (quivered)
Press: ? - help, Shift-Dir - straight line, f/p - Eustachio
Aim: Eustachio, wielding a falchion of distortion and wearing a glowing leather armour (heavily wounded)
You shoot an arrow. The arrow barely misses Eustachio.
The rat bites you but does no damage.
Eustachio hits you with a falchion of distortion!
* * * LOW HITPOINT WARNING * * *
Space warps horribly around you!
You die...

.#.##≈≈≈≈≈##≈.....(#'#..#
.#.##≈≈≈≈≈##.##.<......##
.............##.#......#
.............##.##.#####
....#.#########.####
.#...## #.# .#..## #.#
♣♣♣ .#..# #.##...♣.♣
.#..# ### #@@.....♣ .#..#
.. .(((((r.5...♣♣ ....#
.# #######.#..♣♣ .#.###@#
####♣♣ ##.....# #######


You could see Eustachio, an iron imp and a rat.

Vanquished Creatures
  An ogre (D:4)
  2 bullfrogs (Sewer)
  2 orc wizards (D:4)
  A worker ant (D:4)
  8 adders
  10 oozes (Sewer)
  A worm (D:3)
  2 dart slugs (D:1)
  8 leopard geckos (Sewer)
  3 orcs
  11 giant cockroaches
  3 goblins
  6 hobgoblins
  6 jackals
  2 quokkas
  10 ball pythons
  10 bats
  14 frilled lizards
  A jackal skeleton (D:4)
  7 kobolds
  7 rats
115 creatures vanquished.

Notes
Turn   | Place    | Note
-------+----------+-------------------------------------------
     0 | D:1      | Mgcat the Centaur Hunter began the quest for the Orb.
     0 | D:1      | Reached XP level 1. HP: 17/17 MP: 1/1
   134 | D:1      | Reached XP level 2. HP: 9/24 MP: 2/2
   138 | D:1      | Reached skill level 6 in Bows
   605 | D:1      | Reached XP level 3. HP: 27/29 MP: 3/3
  1013 | D:2      | HP: 7/29 [adder (4)]
  1134 | D:1      | HP: 7/29 [poisoned by an adder]
  1139 | D:1      | HP: 5/29 [poisoned by an adder]
  1142 | D:1      | Reached skill level 7 in Bows
  1144 | D:1      | HP: 4/43 [poisoned by an adder]
  1149 | D:1      | HP: 3/43 [poisoned by an adder]
  1156 | D:1      | HP: 2/43 [poisoned by an adder]
  1164 | D:1      | HP: 1/43 [poisoned by an adder]
  1606 | D:2      | Found a burning altar of Makhleb.
  1606 | D:2      | Found a radiant altar of Vehumet.
  1658 | D:2      | Found an ornate altar of the Wu Jian Council.
  2083 | D:3      | Reached XP level 4. HP: 23/36 MP: 4/4
  2328 | D:3      | HP: 9/36 [poisoned by an adder]
  2334 | D:3      | HP: 8/36 [poisoned by an adder]
  2342 | D:3      | HP: 7/36 [poisoned by an adder]
  2642 | D:3      | Found a sacrificial altar of Ru.
  2918 | D:4      | Reached skill level 8 in Bows
  2980 | D:4      | Found a glowing drain.
  3005 | Sewer    | Entered a sewer
  3113 | Sewer    | Reached XP level 5. HP: 41/41 MP: 5/5
  3465 | Sewer    | Reached skill level 9 in Bows
  3677 | Sewer    | Reached XP level 6. HP: 41/48 MP: 6/6
  3691 | Sewer    | HP: 10/48 [bullfrog (8)]
  3696 | Sewer    | Reached skill level 10 in Bows
  4037 | D:4      | Reached XP level 7. HP: 44/55 MP: 7/7
  4254 | D:4      | Found a staircase to the Ecumenical Temple.
  4262 | Temple   | Entered the Ecumenical Temple
  4567 | D:4      | Noticed Eustachio
  4600 | D:4      | Found a glowing silver altar of Zin.
  4624 | D:4      | Mangled by Eustachio

Vault maps used:
D:1:      erik_arrival_triangle_large
D:2:      gammafunk_temple_overflow_elements, lemuel_coloured_pillars_altar,
          hex_medium
D:3:      nicolae_overflow_hidden_temple, first_ration, st_stairs_14
D:4:      kennysheep_mini_moat, minmay_temple_entry_trees,
          cheibrodos_sewer_entry_sluice, uniq_crazy_yiuf_cottage, uniq_eustachio
Temple:   minmay_temple_curvy_loop
Sewer:    sewer_frog_island_02

Skill      XL: |  1  2  3  4  5  6 |
---------------+-------------------+-----
Bows           | 6 7 8 9 10 | 10.9
Fighting       | |  2.0
Dodging        | |  1.3
Stealth        | |  0.4

Action                   |  1- 3 |  4- 6 |  7- 9 || total
-------------------------+-------+-------+-------++-------
Melee: Short sword       |   132 |   169 |     7 ||   308
       Kick              |    24 |    34 |     2 ||    60
 Fire: Shortbow          |     5 |    55 |    14 ||    74
  Use: Potion            |     4 |     1 |       ||     5
       Scroll            |       |    10 |     3 ||    13
  Eat: Chunk             |     1 |     4 |     1 ||     6
       Ration            |       |     1 |       ||     1
Armor: Leather armour    |    72 |    94 |     5 ||   171
       Skin              |     2 |       |       ||     2
Dodge: Dodged            |    72 |    93 |     1 ||   166

Table legend:
 A = Spawn XP
 B = Non-spawn XP
 C = Spawn XP percentage of total XP
 D = Spawn monster count
 E = Non-spawn monster count
 F = Spawn count percentage of total count
 G = Total turns spent on level
                    A         B        C        D         E        F      G
               +---------+---------+-------+---------+---------+-------+---------
         Total |       0 |     739 |   0.0 |       0 |     115 |   0.0 |  4624
               +---------+---------+-------+---------+---------+-------+---------
           D:1 |       0 |      60 |   0.0 |       0 |      31 |   0.0 |  1249
           D:2 |       0 |      31 |   0.0 |       0 |      12 |   0.0 |   744
           D:3 |       0 |      58 |   0.0 |       0 |      12 |   0.0 |   922
           D:4 |       0 |     241 |   0.0 |       0 |      13 |   0.0 |   538
         Sewer |       0 |     349 |   0.0 |       0 |      47 |   0.0 |   959
               +---------+---------+-------+---------+---------+-------+---------

Vault maps used:
D:1:      erik_arrival_triangle_large
D:2:      gammafunk_temple_overflow_elements, lemuel_coloured_pillars_altar,
          hex_medium
D:3:      nicolae_overflow_hidden_temple, first_ration, st_stairs_14
D:4:      kennysheep_mini_moat, minmay_temple_entry_trees,
          cheibrodos_sewer_entry_sluice, uniq_crazy_yiuf_cottage, uniq_eustachio
Temple:   minmay_temple_curvy_loop
Sewer:    sewer_frog_island_02

Table legend:
 A = Turns spent in this place as a percentage of turns spent in the entire game.
 B = Non-inter-level travel turns spent in this place as a percentage of non-inter-level travel turns spent in the entire game.
 C = Inter-level travel turns spent in this place as a percentage of turns spent in this place.
 D = Turns resting spent in this place as a percentage of non-inter-level travel turns spent in this place.
 E = Turns spent auto-exploring this place as a percentage of non-inter-level travel turns spent in this place.
 F = Non-inter-level travel turns spent in this place divided by the number of levels of this place that you've seen.
                   A       B       C       D       E      F
               +-------+-------+-------+-------+-------+----------------------
         Total | 100.0 | 100.0 |   2.8 |  14.3 |  60.9 | 749.2
       Dungeon |  74.7 |  74.5 |   3.1 |   9.3 |  69.6 | 836.8
        Temple |   4.6 |   4.2 |  10.8 |   0.0 |  98.9 | 189.0
         Sewer |  20.7 |  21.3 |   0.0 |  34.8 |  22.8 | 959.0
               +-------+-------+-------+-------+-------+----------------------

Table legend:
 A = Kills in this place as a percentage of kills in entire the game.
 B = Kills by you in this place as a percentage of kills by you in the entire game.
 C = Kills by friends in this place as a percentage of kills by friends in the entire game.
 D = Other kills in this place as a percentage of other kills in the entire game.
 E = Experience gained in this place as a percentage of experience gained in the entire game.
 F = Experience gained in this place divided by the number of levels of this place that you have seen.
                   A       B       C       D       E      F
               +-------+-------+-------+-------+-------+----------------------
         Total | 100.0 | 100.0 |   N/A |   N/A | 100.0 | 123.2
       Dungeon |  59.1 |  59.1 |   N/A |   N/A |  52.8 |  97.5
         Sewer |  40.9 |  40.9 |   N/A |   N/A |  47.2 | 349.0
               +-------+-------+-------+-------+-------+----------------------
